 Dungeon Crawl Stone Soup version 0.31-a0-844-gdc52ec4e09 (webtiles) character file.

Game seed: 14697692654928571502

76795 scionoferis the Brawler (level 15, -11/138 HPs)
             Began as a Hill Orc Monk on Sept 27, 2023.
             Was a Follower of Beogh.
             Killed from afar by a frost giant (23 damage)
             ... with a bolt of cold
             ... on level 14 of the Dungeon on Sept 28, 2023.
             The game lasted 01:40:24 (28513 turns).

scionoferis the Brawler (Hill Orc Monk)            Turns: 28513, Time: 01:40:25

Health: -11/138    AC: 25    Str: 22    XL:     15   Next: 54%
Magic:  17/26      EV: 12    Int: 13    God:    Beogh [*.....]
Gold:   1416       SH: 18    Dex: 13    Spells: 14/14 levels left

rFire   + .          .
                       - Unarmed
rCold   . . .        U - +2 kite shield
rNeg    . . .        n - +3 plate armour {rF+}
rPois   .            r - +2 hood of the Assassin {Detect Stab+ Stlth++}
rElec   +            j - +1 cloak
rCorr   .            o - +1 pair of gloves {hurl}
SInv    .            x - +0 pair of boots
Will    +++..        v - amulet "Azanwil" {Reflect rElec Will+ Int+3 SH+5} Stlth
                     p - +5 ring of evasion
HPRegen 0.43/turn    q - ring of willpower
MPRegen 0.20/turn

%: reflection
@: no status effects
A: no striking features
a: Renounce Religion


You were on level 14 of the Dungeon.
You worshipped Beogh.
Beogh was aware of your devotion.
You visited 2 branches of the dungeon, and saw 20 of its levels.
You also visited: Gauntlet and Volcano.

You collected 1961 gold pieces.
You spent 545 gold pieces at shops.


   Skills:
 + Level 14.2 Fighting
 - Level 10.0 Armour
 - Level 5.0 Dodging
 + Level 9.2 Shields
 * Level 17.6 Unarmed Combat
 * Level 15.6 Invocations
 - Level 6.2 Evocations


You had 14 spell levels left.
You didn't know any spells.
Your spell library contained the following spells:

 Spells                   Type           Power      Damage    Failure   Level
 Apportation              Tloc           0%         N/A       100%        1
 Freeze                   Ice            0%         1d3       100%        1
 Kiss of Death            Conj/Necr      0%         2d5       100%        1
 Magic Dart               Conj           0%         1d3       100%        1
 Necrotise                Necr           0%         1d4       100%        1
 Summon Small Mammal      Summ           0%         N/A       100%        1
 Call Imp                 Summ           0%         N/A       100%        2
 Momentum Strike          Conj/Tloc      0%         3d8       100%        2
 Searing Ray              Conj           0%         2d4       100%        2
 Wereblood                Tmut           0%         N/A       100%        2
 Frozen Ramparts          Ice            0%         1d1       100%        3
 Hailstorm                Conj/Ice       0%         3d3       100%        3
 Ignite Poison            Fire/Tmut/Pois 0%         N/A       100%        3
 Inner Flame              Hex/Fire       0%         N/A       100%        3
 Mephitic Cloud           Conj/Pois/Air  0%         N/A       100%        3
 Ozocubu's Armour         Ice            0%         N/A       100%        3
 Stone Arrow              Conj/Erth      0%         3d7       100%        3
 Summon Guardian Golem    Hex/Summ       0%         N/A       100%        3
 Tukima's Dance           Hex            0%         N/A       100%        3
 Cause Fear               Hex            0%         N/A       100%        4
 Fulminant Prism          Conj/Hex       0%         3d5       100%        4
 Leda's Liquefaction      Hex/Erth       0%         N/A       100%        4
 Manifold Assault         Tloc           0%         N/A       100%        4
 Passage of Golubria      Tloc           0%         N/A       100%        4
 Petrify                  Tmut/Erth      0%         N/A       100%        4
 Sticky Flame             Conj/Fire      0%         2d3       100%        4
 Fireball                 Conj/Fire      0%         3d3       100%        5
 Irradiate                Conj/Tmut      0%         3d11      100%        5
 Lee's Rapid Deconstruct  Erth           0%         3d4*      100%        5
 Metabolic Englaciation   Hex/Ice        0%         N/A       100%        5
 Yara's Violent Unravell  Hex/Tmut       0%         3d3       100%        5
 Bombard                  Conj/Erth      0%         9d1       100%        6
 Dispersal                Tloc           0%         N/A       100%        6
 Enfeeble                 Hex            0%         N/A       100%        7
 Orb of Destruction       Conj           0%         9d5       100%        7
 Ozocubu's Refrigeration  Ice            0%         4d7       100%        7
 Spellforged Servitor     Conj/Summ      0%         N/A       100%        7
 Disjunction              Tloc           0%         N/A       100%        8
 Ignition                 Fire           0%         3d3       100%        8
 Chain Lightning          Conj/Air       0%         N/A       100%        9
 Dragon's Call            Summ           0%         N/A       100%        9

Inventory:

Missiles
 g - 2 curare-tipped darts
 l - 45 poisoned darts (quivered)
Armour
 j - a +1 cloak (worn)
   (You found it on level 5 of the Lair of Beasts)
 k - a +0 helmet of see invisible
   (You found it on level 13 of the Dungeon)
 n - a +3 plate armour of fire resistance (worn)
   (You found it in a volcano)
 o - a +1 pair of gloves of hurling (worn)
   (You found it in a volcano)
 r - the +2 hood of the Assassin (worn) {Detect Stab+ Stlth++}
   (You found it in a Gauntlet)

   Detect:    It allows the wearer to sense nearby creatures.
   Stab+:     It allows the wearer to make particularly effective stabbing
   attacks against helpless or unaware enemies with any weapon.
   Stlth++:   It makes you much more stealthy.
 x - a +0 pair of boots (worn)
   (You found it on level 5 of the Dungeon)
 J - a +2 leather armour of cold resistance
   (You took it off an orc on level 7 of the Dungeon)
 U - a +2 kite shield (worn)
   (You found it on level 3 of the Lair of Beasts)
Jewellery
 p - a +5 ring of evasion (left hand)
   (You found it on level 3 of the Dungeon)
 q - a ring of willpower (right hand)
   (You found it on level 11 of the Dungeon)
 t - the ring of the Empty Page {rC- rN+ EV+5 Int+3 Dex+2}
   (You found it on level 5 of the Lair of Beasts)

   [ring of evasion]

   EV+5:      It affects your evasion (+5).
   Int+3:     It affects your intelligence (+3).
   Dex+2:     It affects your dexterity (+2).
   rC-:       It makes you vulnerable to cold.
   rN+:       It protects you from negative energy.
 v - the amulet "Azanwil" (around neck) {Reflect rElec Will+ Int+3 SH+5}
   (You found it in a Gauntlet)

   [amulet of reflection]

   Reflect:   It reflects blocked missile attacks.
   Int+3:     It affects your intelligence (+3).
   rElec:     It insulates you from electricity.
   Will+:     It increases your willpower.
   SH+5:      It affects your SH (+5).
 P - a ring of willpower
   (You found it on level 12 of the Dungeon)
Wands
 d - a wand of polymorph (20)
   (You found it on level 8 of the Dungeon)
 s - a wand of charming (7)
   (You found it on level 13 of the Dungeon)
 y - a wand of digging (5)
   (You found it on level 11 of the Dungeon)
 D - a wand of acid (20)
   (You found it on level 6 of the Dungeon)
 H - a wand of roots (36)
   (You found it on level 7 of the Dungeon)
 M - a wand of flame (27)
   (You found it on level 4 of the Dungeon)
Scrolls
 a - 11 scrolls of teleportation
 c - a scroll of enchant armour
 h - 3 scrolls of revelation
 i - 3 scrolls of fear
 m - 3 scrolls of fog
 u - 4 scrolls of silence
 E - a scroll of poison {unknown}
 F - 3 scrolls of summoning
 Q - 2 scrolls of blinking
 S - a scroll of noise {unknown}
Potions
 b - 2 potions of ambrosia
 e - 5 potions of haste
 f - 2 potions of experience {unknown}
 w - a potion of brilliance
 z - 13 potions of curing
 G - 3 potions of magic
 I - 6 potions of heal wounds
 K - 2 potions of invisibility {unknown}
 T - 6 potions of might
 V - 4 potions of resistance
 W - a potion of enlightenment {unknown}
 Y - a potion of mutation
 Z - 2 potions of berserk rage {unknown}
Miscellaneous
 A - a phantom mirror
   (You found it on level 11 of the Dungeon)
 L - a lightning rod (4/4)
   (You found it on level 2 of the Lair of Beasts)
 O - a condenser vane
   (You found it in a Gauntlet)
 X - a sack of spiders
   (You found it on level 5 of the Lair of Beasts)

Dungeon Overview and Level Annotations

Branches:
Dungeon (15/15)            Temple (0/1) D:5            Lair (5/5) D:10
 Shoals (0/4) Lair:3        Snake (0/4) Lair:2        Slime (0/5) Lair:5
    Orc (0/2) D:9          Vaults (0/5) D:13        Volcano (visited)
Gauntlet (visited)
 Depths: D:15

Altars:
Ashenzari
Cheibriados
Dithmenos
Elyvilon
Fedhas
Gozag
Hepliaklqana
Kikubaaqudgha
Makhleb
Okawaru
Qazlal
Ru
Trog
Uskayaw
Wu Jian
The Shining One
Beogh
Jiyva

Shops:
D:2 (?*?   D:9 :

Annotations:
Lair:1 2 transporters
Lair:4 1 runed translucent door, Bekuax's ghost, journeyman MfIE

#.##.(.{.'.......
#.##.#..##'####..
#.##.#### ... #.##.# ###..
#.##)# ..# #.##.# .# .
#.##.# # #e
##########.##C# { {
#...........@.# {#
####.#####.#### ###{## #.#
#.### {###{...# #.# #...#
{###......# #.# ###.#
###...###### #.#
#.#####...#.# #.#
#####.......###.######
#.###...#......####.......
#.#............###........


You could see a frost giant (corroded).


Message History

The four-headed hydra bites you but does no damage.
You block the four-headed hydra's attack.
You hit the four-headed hydra.
The four-headed hydra is severely wounded.
You completely miss the four-headed hydra.
The four-headed hydra is severely wounded.
You block the four-headed hydra's attack.
The four-headed hydra bites you but does no damage. x3
You pummel the four-headed hydra!!
You kill the four-headed hydra!
Beogh accepts your kill.
You pummel the entropy weaver!!
The entropy weaver is heavily wounded.
You block the entropy weaver's attack. x2
The entropy weaver closely misses you.
The entropy weaver hits you but does no damage.
You punch the entropy weaver!
The entropy weaver is severely wounded.
The entropy weaver hits you but does no damage.
You block the entropy weaver's attack. x2
The entropy weaver barely misses you.
You punch the entropy weaver!
The entropy weaver is almost dead.
You block the entropy weaver's attack. x4
You punch the entropy weaver!
You kill the entropy weaver!
Beogh accepts your kill.
The entropy weaver's shape twists and changes as it dies.
Things that are here:
a shapeshifter corpse; a hydra corpse
Things that are here:
a +0 orcbow; a +0 dagger; a centaur corpse
There is a stone staircase leading down here.
You start resting.
HP restored.
You climb downwards.
There is a stone staircase leading up here.
You block the deep troll earth mage's attack.
The deep troll earth mage closely misses you.
The deep troll earth mage claws you but does no damage.
You pummel the deep troll earth mage!!
The deep troll earth mage is heavily wounded.
The deep troll earth mage bites you but does no damage.
You block the deep troll earth mage's attack.
The deep troll earth mage claws you but does no damage.
You hear a grinding noise.
You closely miss the deep troll earth mage.
The deep troll earth mage is heavily wounded.
You block the deep troll earth mage's attack.
The deep troll earth mage claws you but does no damage.
The deep troll earth mage claws you.
You pummel the deep troll earth mage!!
The deep troll earth mage is almost dead.
The deep troll earth mage bites you but does no damage.
You block the deep troll earth mage's attack.
The deep troll earth mage completely misses you.
You hit the deep troll earth mage but do no damage.
The deep troll earth mage is severely wounded.
The deep troll earth mage closely misses you.
You block the deep troll earth mage's attack.
The deep troll earth mage claws you!
You hit the deep troll earth mage but do no damage.
The deep troll earth mage is severely wounded.
You hit the deep troll earth mage but do no damage.
The deep troll earth mage is severely wounded.
The deep troll earth mage closely misses you.
You block the deep troll earth mage's attack.
The deep troll earth mage claws you.
You closely miss the deep troll earth mage.
The deep troll earth mage is severely wounded.
The deep troll earth mage closely misses you.
The deep troll earth mage claws you but does no damage.
The deep troll earth mage barely misses you.
You closely miss the deep troll earth mage.
The deep troll earth mage is severely wounded.
You block the deep troll earth mage's attack.
The deep troll earth mage closely misses you.
You block the deep troll earth mage's attack.
You punch the deep troll earth mage!
You kill the deep troll earth mage!
Beogh accepts your kill.
Your Invocations skill increases to level 15!
No target in view!
There is a stone staircase leading up here.
A deep troll earth mage comes into view.
The deep troll earth mage closely misses you.
The deep troll earth mage claws you but does no damage.
The deep troll earth mage claws you!
There is a stone staircase leading up here.
You punch the deep troll earth mage!
The deep troll earth mage is moderately wounded.
The deep troll earth mage bites you!
The deep troll earth mage claws you but does no damage.
You block the deep troll earth mage's attack.
You hit the deep troll earth mage.
The deep troll earth mage is moderately wounded.
You barely miss the deep troll earth mage.
The deep troll earth mage is moderately wounded.
You block the deep troll earth mage's attack.
The deep troll earth mage claws you but does no damage.
You block the deep troll earth mage's attack.
You barely miss the deep troll earth mage.
The deep troll earth mage is moderately wounded.
You block the deep troll earth mage's attack.
The deep troll earth mage barely misses you.
The deep troll earth mage claws you but does no damage.
You punch the deep troll earth mage!
The deep troll earth mage is heavily wounded.
You block the deep troll earth mage's attack.
The deep troll earth mage claws you but does no damage.
The deep troll earth mage claws you.
You hit the deep troll earth mage but do no damage.
The deep troll earth mage is heavily wounded.
You hit the deep troll earth mage.
The deep troll earth mage is heavily wounded.
The deep troll earth mage points next to you and mumbles some strange words.
The wall shatters!
The blast of rock fragments hits you!
You hear a shout! x3
You punch the deep troll earth mage!
The deep troll earth mage is almost dead.
The deep troll earth mage gestures next to you while chanting.
The wall shatters!
The blast of rock fragments hits you but does no damage.
You barely miss the deep troll earth mage.
The deep troll earth mage is severely wounded.
The deep troll earth mage casts a spell next to you.
The wall shatters!
The blast of rock fragments hits you but does no damage.
You block the deep troll earth mage's attack. x2
The deep troll earth mage claws you but does no damage.
You hit the deep troll earth mage.
The deep troll earth mage is severely wounded.
The deep troll earth mage bites you!
You block the deep troll earth mage's attack.
The deep troll earth mage claws you.
You hit the deep troll earth mage but do no damage.
The deep troll earth mage is severely wounded.
You punch the deep troll earth mage!
The deep troll earth mage is almost dead.
You block the deep troll earth mage's attack.
The deep troll earth mage closely misses you.
The deep troll earth mage claws you but does no damage.
You closely miss the deep troll earth mage.
The deep troll earth mage is almost dead.
The deep troll earth mage bites you!
The deep troll earth mage claws you but does no damage.
You block the deep troll earth mage's attack.
You punch the deep troll earth mage!
You kill the deep troll earth mage!
Beogh accepts your kill.
There is a stone staircase leading up here.
You climb upwards.
There is a stone staircase leading down here.
You start resting.
HP restored.
You climb downwards.
You block the skeletal warrior's attack. x2
A yaktaur captain comes into view.
There is a stone staircase leading up here.
You block the skeletal warrior's attack.
You climb upwards.
There is a stone staircase leading down here.
You hit the skeletal warrior.
The skeletal warrior is lightly damaged.
You block the skeletal warrior's attack.
You hit the skeletal warrior.
The skeletal warrior is lightly damaged.
You hit the skeletal warrior.
The skeletal warrior is lightly damaged.
The skeletal warrior hits you but does no damage.
You closely miss the skeletal warrior.
The skeletal warrior is lightly damaged.
The skeletal warrior barely misses you.
You hit the skeletal warrior but do no damage.
The skeletal warrior is lightly damaged.
You block the skeletal warrior's attack.
You completely miss the skeletal warrior.
The skeletal warrior is lightly damaged.
You block the skeletal warrior's attack.
You hit the skeletal warrior.
The skeletal warrior is lightly damaged.
You punch the skeletal warrior!
The skeletal warrior is moderately damaged.
You block the skeletal warrior's attack.
You pummel the skeletal warrior!!
The skeletal warrior is severely damaged.
You block the skeletal warrior's attack.
You punch the skeletal warrior!
The skeletal warrior is almost destroyed.
You block the skeletal warrior's attack.
You hit the skeletal warrior but do no damage.
The skeletal warrior is almost destroyed.
You pummel the skeletal warrior!!
You destroy the skeletal warrior!
Beogh accepts your kill.
You can now gain orcish followers.
No target in view!
You climb downwards.
The yaktaur captain wields a +0 arbalest.
The yaktaur captain shoots a bolt.
You block the bolt with an invisible shield... and reflect it back!
The bolt hits the yaktaur captain!!
There is a stone staircase leading up here.
The deep elf pyromancer gestures wildly while chanting.
The fire elemental closely misses you.
You block the deep elf pyromancer's attack.
You climb upwards.
The fire elemental disappears in a puff of smoke! x2
There is a stone staircase leading down here.
You hit the deep elf pyromancer.
The deep elf pyromancer is lightly wounded.
The deep elf pyromancer hits you but does no damage.
You punch the deep elf pyromancer!
The deep elf pyromancer is moderately wounded.
The deep elf pyromancer casts a spell.
The deep elf pyromancer blinks!
The deep elf pyromancer mumbles some strange words.
You punch the deep elf pyromancer!
The deep elf pyromancer is heavily wounded.
The deep elf pyromancer casts a spell at you.
The bolt of fire misses you.
You closely miss the deep elf pyromancer.
The deep elf pyromancer is heavily wounded.
The fire elemental closely misses you.
You block the deep elf pyromancer's attack.
You closely miss the deep elf pyromancer.
The deep elf pyromancer is heavily wounded.
The fire elemental hits you. The fire elemental burns you! You resist.
You pummel the deep elf pyromancer!!
You kill the deep elf pyromancer!
Beogh accepts your kill.
The fire elemental disappears in a puff of smoke!
You now have 1396 gold pieces (gained 34).
Things that are here:
a +0 short sword; a +0 robe; an elf corpse
There is a stone staircase leading down here.
You now have 1416 gold pieces (gained 20).
You see here a +0 dire flail.
There is a stone staircase leading down here.
HP restored.
There is a stone staircase leading down here.
You climb downwards.
There is a stone staircase leading up here.
Found a stone staircase leading down.
Found a plate armour.
An acid dragon comes into view.
The acid dragon roars!
The acid dragon spits acid at you. The splash of acid hits you!!
You start resting.
You sense a monster nearby.
You block the acid dragon's attack. The acid dragon claws you.
You pummel the acid dragon!!
The acid dragon is almost dead.
You block the acid dragon's attack.
The acid dragon claws you but does no damage.
You pummel the acid dragon!!
You kill the acid dragon!
Beogh accepts your kill.
You start resting.
HP restored.
You see here an acid dragon corpse.
A meliai simulacrum comes into view.
The meliai simulacrum moves out of view.
A war gargoyle comes into view. It is wielding a +0 dire flail.
You see here an acid dragon corpse.
The meliai simulacrum attacks as it pursues you!
The meliai simulacrum closely misses you.
You block the meliai simulacrum's attack.
The meliai simulacrum barely misses you.
The meliai simulacrum hits you but does no damage.
You punch the meliai simulacrum!
The meliai simulacrum is severely damaged.
You block the meliai simulacrum's attack. x2
The meliai simulacrum hits you but does no damage. x2
You pummel the meliai simulacrum!!
The meliai simulacrum vaporises!
Beogh accepts your kill.
You see here an acid dragon corpse.
You hit the war gargoyle but do no damage.
You block the war gargoyle's attack.
You hit the war gargoyle but do no damage.
The war gargoyle hits you but does no damage.
You hit the war gargoyle.
The war gargoyle is lightly damaged.
You block the war gargoyle's attack.
You hit the war gargoyle but do no damage.
The war gargoyle is lightly damaged.
The war gargoyle hits you but does no damage.
You hit the war gargoyle but do no damage.
The war gargoyle is lightly damaged.
You block the war gargoyle's attack.
The war gargoyle hits you with a +0 dire flail!
You punch the war gargoyle!
The war gargoyle is moderately damaged.
You hit the war gargoyle.
The war gargoyle is moderately damaged.
You block the war gargoyle's attack.
The war gargoyle hits you but does no damage.
You pummel the war gargoyle!!
The war gargoyle is severely damaged.
You punch the war gargoyle!
The war gargoyle is almost destroyed.
The war gargoyle launches metal splinters at you.
The spray of metal splinters hits you!
The war gargoyle launches metal splinters at you.
The spray of metal splinters hits you but does no damage.
You hit the war gargoyle but do no damage.
The war gargoyle is almost destroyed.
You block the war gargoyle's attack.
You pummel the war gargoyle!!
You destroy the war gargoyle!
Beogh accepts your kill.
You start resting.
HP restored.
A manticore comes into view.
The manticore flicks its tail.
You block the volley of spikes... and reflect it back!
The volley of spikes hits the manticore but does no damage.
The manticore flicks its tail.
The volley of spikes hits you!
The barbed spikes become lodged in your body.
Okay, then.
Aiming: Smiting
Press: ? - help, Dir - move target, f - manticore Smite: a manticore You smite the manticore!!
The manticore is heavily wounded.
You can no longer gain orcish followers.
Unknown command.
Aiming: Smiting
Press: ? - help, Dir - move target, f/p - manticore Smite: a manticore (heavily wounded)
You smite the manticore!!
You kill the manticore!
Beogh accepts your kill.
Unknown command.
You start resting.
You carefully extract the barbed spikes from your body.
You start resting.
HP restored.
You start resting.
Magic restored.
A centaur warrior comes into view.
The centaur warrior wields a +0 orcbow.
The centaur warrior shoots an arrow.
You block the arrow with an invisible shield... and reflect it back!
The arrow hits the centaur warrior!
There is a stone staircase leading up here.
The centaur warrior shoots an arrow.
The arrow hits you!
The frost giant shouts!
The centaur warrior shoots an arrow.
You block the arrow with an invisible shield... and reflect it back!
The arrow hits the centaur warrior!!
The centaur warrior shoots an arrow.
The arrow hits you but does no damage.
The centaur warrior shoots an arrow.
The arrow closely misses you.
You pummel the frost giant!!
The frost giant is moderately wounded.
You pummel the frost giant!!
The frost giant is heavily wounded.
The frost giant gestures at you while chanting.
The bolt of cold hits you!
You pummel the frost giant!!
The frost giant is severely wounded.
The frost giant casts a spell at you. The bolt of cold misses you.
You hit the frost giant but do no damage.
The frost giant is severely wounded.
You hit the frost giant but do no damage.
The frost giant is severely wounded.
The frost giant gestures at you while chanting.
The bolt of cold hits you!!
You hit the frost giant.
The frost giant is severely wounded.
You block the frost giant's attack.
You pummel the frost giant!!
The frost giant is almost dead.
The frost giant points at you and mumbles some strange words.
The bolt of cold hits you!!!
You hit the frost giant.
The frost giant is almost dead.
You pummel the frost giant!!
You kill the frost giant!
Beogh accepts your kill.
The centaur warrior shoots an arrow.
You block the arrow with an invisible shield... and reflect it back!
The arrow hits the centaur warrior!
Your Fighting skill increases to level 14!
Aiming: Smiting
Press: ? - help, Dir - move target, f - centaur warrior Smite: a centaur warrior, wielding a +0 orcbow (severely wounded)
You smite the centaur warrior!!
You kill the centaur warrior!
Beogh accepts your kill.
Your Shields skill increases to level 9!
There is a stone staircase leading up here.
You climb upwards.
There is a stone staircase leading down here.
You start resting.
Magic restored.
You start resting.
HP restored.
You climb downwards.
There is a stone staircase leading up here.
You see here a +2 battleaxe of freezing.
You see here a +0 orcbow.
The yaktaur captain shoots a bolt.
The bolt closely misses you.
You start waiting.
You sense a monster nearby.
The yaktaur captain unwields a +0 arbalest.
You block the yaktaur captain's attack.
You hit the yaktaur captain.
The yaktaur captain is lightly wounded.
You pummel the yaktaur captain!!
The yaktaur captain is heavily wounded.
You block the yaktaur captain's attack.
You barely miss the yaktaur captain.
The yaktaur captain is heavily wounded.
The yaktaur captain hits you.
You pummel the yaktaur captain!!
The yaktaur captain is severely wounded.
You block the yaktaur captain's attack.
You pummel the yaktaur captain!!
You kill the yaktaur captain!
Beogh accepts your kill.
A skeletal warrior comes into view.
It is wielding a +0 dire flail and wearing a +2 chain mail of fire resistance.
You barely miss the skeletal warrior.
You block the skeletal warrior's attack.
You punch the skeletal warrior!
The skeletal warrior is lightly damaged.
You block the skeletal warrior's attack.
You punch the skeletal warrior!
The skeletal warrior is heavily damaged.
You hit the skeletal warrior but do no damage.
The skeletal warrior is heavily damaged.
The skeletal warrior misses you.
You hit the skeletal warrior.
The skeletal warrior is heavily damaged.
The skeletal warrior hits you but does no damage.
You hit the skeletal warrior.
The skeletal warrior is heavily damaged.
The skeletal warrior hits you with a +0 dire flail!
You hit the skeletal warrior but do no damage.
The skeletal warrior is heavily damaged.
You block the skeletal warrior's attack.
You hit the skeletal warrior.
The skeletal warrior is heavily damaged.
You closely miss the skeletal warrior.
The skeletal warrior is heavily damaged.
The skeletal warrior closely misses you.
You punch the skeletal warrior!
The skeletal warrior is severely damaged.
You block the skeletal warrior's attack.
You punch the skeletal warrior!
You destroy the skeletal warrior!
Beogh accepts your kill.
You start resting.
HP restored.
Things that are here:
a +0 dire flail; a +2 chain mail of fire resistance
z - 13 potions of curing (gained 1)
Things that are here:
a +0 shortbow; 9 stones You see here a +0 short sword.
A skeletal warrior comes into view.
It is wielding a +0 morningstar of protection.
You hit the skeletal warrior but do no damage.
You block the skeletal warrior's attack.
You hit the skeletal warrior but do no damage.
You block the skeletal warrior's attack.
You completely miss the skeletal warrior.
You block the skeletal warrior's attack.
You punch the skeletal warrior!
The skeletal warrior is moderately damaged.
You hit the skeletal warrior but do no damage.
The skeletal warrior is moderately damaged.
The skeletal warrior hits you with a +0 morningstar of protection!
You punch the skeletal warrior!
The skeletal warrior is heavily damaged.
The skeletal warrior hits you with a +0 morningstar of protection.
You hit the skeletal warrior but do no damage.
The skeletal warrior is heavily damaged.
You block the skeletal warrior's attack.
You punch the skeletal warrior!
The skeletal warrior is heavily damaged.
You punch the skeletal warrior!
The skeletal warrior is severely damaged.
The skeletal warrior hits you with a +0 morningstar of protection.
You hit the skeletal warrior.
The skeletal warrior is severely damaged.
You block the skeletal warrior's attack.
You hit the skeletal warrior but do no damage.
The skeletal warrior is severely damaged.
You block the skeletal warrior's attack.
You closely miss the skeletal warrior.
The skeletal warrior is severely damaged.
You pummel the skeletal warrior!!
You destroy the skeletal warrior!
Beogh accepts your kill.
No target in view!
You start resting.
HP restored.
You see here a +0 morningstar of protection.
You see here a +0 dire flail.
A freezing wraith comes into view.
A boulder beetle comes into view.
You block the freezing wraith's attack. x2
You hit the freezing wraith but do no damage.
You block the freezing wraith's attack. The freezing wraith misses you.
You pummel the freezing wraith!!
The freezing wraith is heavily damaged.
The boulder beetle curls into a ball and begins rolling!
The freezing wraith hits you but does no damage.
You block the freezing wraith's attack.
You punch the freezing wraith!
The freezing wraith is almost destroyed.
The freezing wraith hits you but does no damage.
The freezing wraith barely misses you.
You hit the freezing wraith but do no damage.
The freezing wraith is almost destroyed.
You hit the freezing wraith.
The freezing wraith is almost destroyed.
You block the freezing wraith's attack. x2
You hit the freezing wraith but do no damage.
The freezing wraith is almost destroyed.
You block the freezing wraith's attack. x2
You closely miss the freezing wraith.
The freezing wraith is almost destroyed.
You block the boulder beetle's attack.
The boulder beetle stops rolling and uncurls.
You block the freezing wraith's attack. x2
You pummel the freezing wraith!!
You destroy the freezing wraith!
Beogh accepts your kill. The boulder beetle barely misses you.
You punch the boulder beetle!
The boulder beetle is moderately wounded.
You block the boulder beetle's attack.
You hit the boulder beetle but do no damage.
The boulder beetle is moderately wounded.
You block the boulder beetle's attack.
You hit the boulder beetle but do no damage.
The boulder beetle is moderately wounded.
You hit the boulder beetle.
The boulder beetle is moderately wounded.
The boulder beetle bites you but does no damage.
You hit the boulder beetle but do no damage.
The boulder beetle is moderately wounded.
The boulder beetle waves its antennae.
You block the boulder beetle's attack.
You hit the boulder beetle.
The boulder beetle is moderately wounded.
The boulder beetle closely misses you.
You hit the boulder beetle.
The boulder beetle is moderately wounded.
You hit the boulder beetle but do no damage.
The boulder beetle is moderately wounded.
The boulder beetle misses you.
You hit the boulder beetle but do no damage.
The boulder beetle is moderately wounded.
The boulder beetle barely misses you.
You punch the boulder beetle!
The boulder beetle is heavily wounded.
You block the boulder beetle's attack.
You punch the boulder beetle!
The boulder beetle is heavily wounded.
The boulder beetle bites you.
You punch the boulder beetle!
The boulder beetle is severely wounded.
You punch the boulder beetle!
The boulder beetle is almost dead.
The boulder beetle waves its antennae.
The boulder beetle bites you but does no damage.
You barely miss the boulder beetle.
The boulder beetle is almost dead.
The boulder beetle bites you!
You hit the boulder beetle.
You kill the boulder beetle!
Beogh accepts your kill.
No target in view!
You start resting.
HP restored.
A seven-headed hydra comes into view.
The seven-headed hydra roars!
There is a dry fountain here.
You punch the seven-headed hydra!
The seven-headed hydra is lightly wounded.
The seven-headed hydra misses you.
You block the seven-headed hydra's attack. x2
The seven-headed hydra bites you but does no damage.
The seven-headed hydra bites you.
The seven-headed hydra bites you but does no damage.
You block the seven-headed hydra's attack.
You pummel the seven-headed hydra!!
The seven-headed hydra is severely wounded.
You punch the seven-headed hydra!
The seven-headed hydra is severely wounded.
You block the seven-headed hydra's attack. x2
The seven-headed hydra bites you but does no damage.
The seven-headed hydra bites you.
The seven-headed hydra closely misses you.
You block the seven-headed hydra's attack.
The seven-headed hydra bites you but does no damage.
You barely miss the seven-headed hydra.
The seven-headed hydra is severely wounded.
The seven-headed hydra barely misses you.
You block the seven-headed hydra's attack.
The seven-headed hydra barely misses you.
The seven-headed hydra bites you but does no damage.
You block the seven-headed hydra's attack.
The seven-headed hydra bites you but does no damage.
The seven-headed hydra bites you!
You pummel the seven-headed hydra!!
You kill the seven-headed hydra!
Beogh accepts your kill.
Unknown command.
You see here a hydra corpse.
There is a stone staircase leading up here.
You start resting.
HP restored.
There is a stone staircase leading down here.
A phantasmal warrior comes into view.
You hit the phantasmal warrior but do no damage.
You block the phantasmal warrior's attack.
You hit the phantasmal warrior but do no damage.
The phantasmal warrior completely misses you.
You punch the phantasmal warrior!
The phantasmal warrior is moderately damaged.
You punch the phantasmal warrior!
The phantasmal warrior is heavily damaged.
The phantasmal warrior hits you but does no damage.
You hit the phantasmal warrior.
The phantasmal warrior is heavily damaged.
You block the phantasmal warrior's attack.
You barely miss the phantasmal warrior.
The phantasmal warrior is heavily damaged.
The phantasmal warrior barely misses you.
You hit the phantasmal warrior but do no damage.
The phantasmal warrior is heavily damaged.
You block the phantasmal warrior's attack.
You barely miss the phantasmal warrior.
The phantasmal warrior is heavily damaged.
You punch the phantasmal warrior!
The phantasmal warrior is severely damaged.
You block the phantasmal warrior's attack.
You closely miss the phantasmal warrior.
The phantasmal warrior is severely damaged.
The phantasmal warrior hits you!!
You hit the phantasmal warrior.
The phantasmal warrior is almost destroyed.
The phantasmal warrior hits you.
You closely miss the phantasmal warrior.
The phantasmal warrior is severely damaged.
You completely miss the phantasmal warrior.
The phantasmal warrior is severely damaged.
You block the phantasmal warrior's attack.
You barely miss the phantasmal warrior.
The phantasmal warrior is severely damaged.
You block the phantasmal warrior's attack.
You barely miss the phantasmal warrior.
The phantasmal warrior is severely damaged.
You block the phantasmal warrior's attack.
You hit the phantasmal warrior.
The phantasmal warrior is almost destroyed.
You block the phantasmal warrior's attack.
You closely miss the phantasmal warrior.
The phantasmal warrior is almost destroyed.
You punch the phantasmal warrior!
You destroy the phantasmal warrior!
Beogh accepts your kill.
No target in view!
There is a stone staircase leading down here.
You start resting.
HP restored.
You climb downwards.
Found a potion of brilliance.
There is a stone staircase leading up here.
w - a potion of brilliance
There is a stone staircase leading up here.
A water elemental comes into view.
There is a stone staircase leading up here.
You punch the water elemental!
The water elemental is moderately damaged.
You barely miss the water elemental.
The water elemental is moderately damaged.
You block the water elemental's attack.
A boggart comes into view.
The boggart shouts!
You pummel the water elemental!!
You destroy the water elemental!
Beogh accepts your kill.
You hear a shout!
Aiming: Smiting
Press: ? - help, Dir - move target, f - boggart Smite: a boggart You smite the boggart!!
The boggart is almost dead.
Unknown command.
Aiming: Smiting
Press: ? - help, Dir - move target, f/p - boggart Smite: a boggart (almost dead)
You smite the boggart!!
You kill the boggart!
Beogh accepts your kill.
A boggart comes into view.
Aiming: Smiting
Press: ? - help, Dir - move target, f - boggart Smite: a boggart (wandering, hasn't noticed you)
You smite the boggart!!!
The boggart shouts!
You kill the boggart!
Beogh accepts your kill.
You hear a shout!
There is a stone staircase leading up here.
You climb upwards.
There is a stone staircase leading down here.
You start resting.
Magic restored.
A frost giant comes into view.
It is wielding a +0 battleaxe of freezing.
The frost giant shouts!
You start waiting.
A frost giant is nearby!
You block the frost giant's attack.
You pummel the frost giant!!
The frost giant is moderately wounded.
The frost giant hits you but does no damage.
You completely miss the frost giant.
The frost giant is moderately wounded.
You block the frost giant's attack.
You hit the frost giant.
The frost giant is moderately wounded.
The frost giant points at you and mumbles some strange words.
The bolt of cold misses you.
You hit the frost giant but do no damage.
The frost giant is moderately wounded.
You block the frost giant's attack.
You hit the frost giant.
The frost giant is moderately wounded.
You pummel the frost giant!!
The frost giant is heavily wounded.
The frost giant casts a spell at you. The bolt of cold hits you!
You hit the frost giant.
The frost giant is heavily wounded.
The frost giant misses you.
You pummel the frost giant!!
The frost giant is severely wounded.
The frost giant hits you but does no damage.
You pummel the frost giant!!
The frost giant is almost dead.
You completely miss the frost giant.
The frost giant is almost dead.
The frost giant points at you and mumbles some strange words.
The bolt of cold hits you but does no damage.
You hit the frost giant but do no damage.
The frost giant is almost dead.
The frost giant hits you with a +0 battleaxe of freezing!
The frost giant freezes you.
You pummel the frost giant!!
You kill the frost giant!
Beogh accepts your kill.
Things that are here:
a +0 battleaxe of freezing; a frost giant corpse You start resting.
HP restored.
A skeletal warrior comes into view. It is wielding a +0 halberd.
The skeletal warrior hits you but does no damage.
You block the skeletal warrior's attack.
You pummel the skeletal warrior!!
The skeletal warrior is moderately damaged.
The skeletal warrior barely misses you.
You barely miss the skeletal warrior.
The skeletal warrior is moderately damaged.
The skeletal warrior hits you but does no damage.
You hit the skeletal warrior.
The skeletal warrior is moderately damaged.
You hit the skeletal warrior but do no damage.
The skeletal warrior is moderately damaged.
You block the skeletal warrior's attack.
You hit the skeletal warrior but do no damage.
The skeletal warrior is moderately damaged.
The skeletal warrior barely misses you.
You closely miss the skeletal warrior.
The skeletal warrior is moderately damaged.
You block the skeletal warrior's attack.
You barely miss the skeletal warrior.
The skeletal warrior is moderately damaged.
The skeletal warrior hits you but does no damage.
You hit the skeletal warrior.
The skeletal warrior is moderately damaged.
You hit the skeletal warrior but do no damage.
The skeletal warrior is moderately damaged.
You block the skeletal warrior's attack.
You barely miss the skeletal warrior.
The skeletal warrior is moderately damaged.
You block the skeletal warrior's attack.
You pummel the skeletal warrior!!
The skeletal warrior is severely damaged.
You block the skeletal warrior's attack.
You barely miss the skeletal warrior.
The skeletal warrior is severely damaged.
The skeletal warrior hits you but does no damage.
You pummel the skeletal warrior!!
You destroy the skeletal warrior!
Beogh accepts your kill.
No target in view!
Things that are here:
a +0 halberd; a +0 chain mail A slime creature comes into view.
There is an open door here.
A slime creature comes into view.
The slime creature quivers.
You punch the slime creature!
The slime creature is moderately wounded.
The slime creature closely misses you.
You pummel the slime creature!!
The slime creature is severely wounded.
The slime creature jiggles.
The slime creature hits you!
You pummel the slime creature!!
The slime creature is almost dead.
You pummel the slime creature!!
You kill the slime creature!
Beogh accepts your kill.
You punch the slime creature!
The slime creature is moderately wounded.
The slime creature hits you but does no damage.
You pummel the slime creature!!
The slime creature is severely wounded.
You block the slime creature's attack.
You punch the slime creature!
The slime creature is almost dead.
You pummel the slime creature!!
You kill the slime creature!
Beogh accepts your kill.
You start resting.
A skeletal warrior comes into view. It is wielding a +0 flail.
You barely miss the skeletal warrior.
You block the skeletal warrior's attack.
You barely miss the skeletal warrior.
You block the skeletal warrior's attack.
You hit the skeletal warrior.
The skeletal warrior is lightly damaged.
The skeletal warrior hits you but does no damage.
You hit the skeletal warrior but do no damage.
The skeletal warrior is lightly damaged.
You closely miss the skeletal warrior.
The skeletal warrior is lightly damaged.
The skeletal warrior hits you but does no damage.
You hit the skeletal warrior but do no damage.
The skeletal warrior is lightly damaged.
You block the skeletal warrior's attack.
You hit the skeletal warrior but do no damage.
The skeletal warrior is lightly damaged.
You completely miss the skeletal warrior.
The skeletal warrior is lightly damaged.
You block the skeletal warrior's attack.
You barely miss the skeletal warrior.
The skeletal warrior is lightly damaged.
The skeletal warrior hits you but does no damage.
You closely miss the skeletal warrior.
The skeletal warrior is lightly damaged.
You block the skeletal warrior's attack.
You pummel the skeletal warrior!!
The skeletal warrior is heavily damaged.
The skeletal warrior hits you but does no damage.
You hit the skeletal warrior but do no damage.
The skeletal warrior is heavily damaged.
You hit the skeletal warrior but do no damage.
The skeletal warrior is heavily damaged.
The skeletal warrior hits you but does no damage.
You hit the skeletal warrior but do no damage.
The skeletal warrior is heavily damaged.
The skeletal warrior hits you with a +0 flail.
You barely miss the skeletal warrior.
The skeletal warrior is heavily damaged.
The skeletal warrior hits you but does no damage.
You closely miss the skeletal warrior.
The skeletal warrior is heavily damaged.
The skeletal warrior hits you with a +0 flail!!
You punch the skeletal warrior!
The skeletal warrior is severely damaged.
You punch the skeletal warrior!
The skeletal warrior is almost destroyed.
You block the skeletal warrior's attack.
You barely miss the skeletal warrior.
The skeletal warrior is almost destroyed.
You block the skeletal warrior's attack.
You punch the skeletal warrior!
You destroy the skeletal warrior!
Beogh accepts your kill.
You start resting.
HP restored.
A skeletal warrior comes into view. It is wielding a +0 scimitar.
Things that are here:
a +0 halberd; a +0 chain mail You punch the skeletal warrior!
The skeletal warrior is moderately damaged.
You hit the skeletal warrior.
The skeletal warrior is moderately damaged.
You block the skeletal warrior's attack.
You hit the skeletal warrior but do no damage.
The skeletal warrior is moderately damaged.
The skeletal warrior hits you but does no damage.
You hit the skeletal warrior.
The skeletal warrior is heavily damaged.
The skeletal warrior barely misses you.
You closely miss the skeletal warrior.
The skeletal warrior is heavily damaged.
You punch the skeletal warrior!
The skeletal warrior is severely damaged.
The skeletal warrior hits you but does no damage.
You pummel the skeletal warrior!!
You destroy the skeletal warrior!
Beogh accepts your kill.
No target in view!
Things that are here:
a +0 scimitar; a +0 halberd; a +0 chain mail A cyclops comes into view.
The cyclops shouts!
The cyclops throws a large rock.
You block the large rock with an invisible shield... and reflect it back!
The large rock hits the cyclops!
You start waiting.
A cyclops is nearby!
The cyclops closely misses you.
You punch the cyclops!
The cyclops is heavily wounded.
You hit the cyclops.
The cyclops is heavily wounded.
You block the cyclops's attack.
You hit the cyclops but do no damage.
The cyclops is heavily wounded.
You pummel the cyclops!!
You kill the cyclops!
Beogh accepts your kill.
Training target 10.0 for Armour reached!
Your Armour skill increases to level 10!
No target in view!
Things that are here:
6 large rocks; a cyclops corpse A frost giant comes into view.
It is wielding a +2 battleaxe of freezing.
The frost giant shouts!
You hear a shout!
Things that are here:
6 large rocks; a cyclops corpse
Things that are here:
a +0 scimitar; a +0 halberd; a +0 chain mail You start waiting.
A frost giant is nearby!
The frost giant casts a spell at you. The bolt of cold hits you!!!
You completely miss the frost giant. You hit the frost giant.
The frost giant is lightly wounded.
You block the frost giant's attack.
You hit the frost giant.
The frost giant is lightly wounded.
You block the frost giant's attack.
You hit the frost giant but do no damage.
The frost giant is lightly wounded.
The frost giant gestures at you while chanting.
The bolt of cold hits you!!!
You are too injured to fight recklessly!
You are too injured to fight recklessly!
Unknown command.
Aiming: Smiting
Press: ? - help, Dir - move target, f - frost giant Smite: a frost giant, wielding a +2 battleaxe of freezing (lightly wounded)
You smite the frost giant!!
The frost giant is moderately wounded.
You block the frost giant's attack.
Unknown command.
Aiming: Smiting
Press: ? - help, Dir - move target, f/p - frost giant Smite: a frost giant, wielding a +2 battleaxe of freezing (moderately wounded)
You smite the frost giant!!
The frost giant is severely wounded.
The frost giant gestures at you while chanting.
The bolt of cold hits you!!
* * * LOW HITPOINT WARNING * * *
Aiming: Smiting
Press: ? - help, Dir - move target, f/p - frost giant Smite: a frost giant, wielding a +2 battleaxe of freezing (severely wounded)
You smite the frost giant!!
The frost giant is almost dead.
You can no longer smite your foes.
The frost giant gestures at you while chanting.
The bolt of cold hits you!
* * * LOW HITPOINT WARNING * * *
Okay, then.
Unknown command.
Press: ? - help, v - describe, . - travel
Here: a frost giant, wielding a +2 battleaxe of freezing (almost dead)
The floor.
Unknown command.
Aiming: Corrosive Bolt
Press: ? - help, Shift-Dir - straight line, f/p - frost giant
Aim: a frost giant, wielding a +2 battleaxe of freezing (almost dead, 98% to hit)
The bolt of acid hits the frost giant!
The acid corrodes the frost giant!
The frost giant is almost dead.
The frost giant points at you and mumbles some strange words.
The bolt of cold hits you!!
You die...

Skill      XL: |  1  2  3  4  5  6  7  8  9 10 11 12 13 14 15 |
---------------+----------------------------------------------+-----
Fighting       | 4 5 6 7 8 9 10 11 12 13 14 | 14.2
Unarmed Combat | 4 5 6 7 8 9 10 12 13 14 15 17 | 17.6
Armour         | 1 3 4 6 7 8 9 10 | 10.0
Invocations    | 4 7 9 10 11 12 14 15 | 15.6
Shields        | 2 4 5 7 8 9 |  9.2
Dodging        | 3 4 5 |  5.0
Evocations     | 2 4 6 |  6.2

Action                     |  1- 3 |  4- 6 |  7- 9 | 10-12 | 13-15 || total
---------------------------+-------+-------+-------+-------+-------++-------
  Melee: Unarmed           |    81 |   182 |   300 |   448 |   811 ||  1822
  Throw: Dart              |       |       |    14 |     9 |     3 ||    26
 Invoke: Smiting           |       |       |     3 |    10 |    37 ||    50
         Convert to Beogh  |       |       |     1 |       |       ||     1
         Recall Orcish Fol |       |       |       |     6 |     1 ||     7
  Evoke: Wand              |       |       |     3 |     1 |     1 ||     5
         Phantom mirror    |       |       |       |     1 |       ||     1
         Lightning rod     |       |       |       |       |     3 ||     3
    Use: Scroll            |       |       |     8 |     5 |     7 ||    20
         Potion            |       |       |       |     1 |     1 ||     2
   Stab: Confused          |       |       |     2 |       |     1 ||     3
         Distracted        |       |       |       |     8 |     4 ||    12
 Armour: Ring mail         |    38 |    76 |    71 |       |       ||   185
         Robe              |     3 |       |       |       |       ||     3
         Leather armour    |       |       |    20 |   168 |       ||   188
         Plate armour      |       |       |       |       |   421 ||   421
  Dodge: Dodged            |    33 |    92 |   212 |   422 |   226 ||   985
  Block: Buckler           |       |       |       |    69 |       ||    69
         Kite shield       |       |       |       |    10 |   531 ||   541
         Reflection        |       |       |       |       |    23 ||    23

Levels and vault maps discovered:
D:1:      dpeg_arrival_leaves_temple_mockup, layout_loops_ring, st_stairs_5
D:2:      wad_crossroads, layout_loops_ring, serial_shops,
          nicolae_shop_tiny_waterfront, nicolae_shop_hallway_stairs, shop, shop,
          uniq_jessica
D:3:      layout_basic, nzn_wu_jian_council_hall, minitemple,
          ebering_ghost_disaster_area, basic_ecumenical_altar,
          nicolae_twisty_statue_hallways
D:4:      layout_basic, elyvilon_altar_1, minmay_tree_intersection,
          minivault_11, uniq_robin, uniq_duvessa, uniq_grinder
D:5:      layout_cave_pods, minmay_temple_entry_glassed_door
D:6:      layout_basic, nicolae_overflow_squiral, hellmonk_guarded_unrand_hermit
D:7:      layout_gridville, grunt_temple_overflow_growth_and_decay,
          bloody_makhleb, minmay_misc_feat_enclosed, uniq_menkaure
D:8:      layout_loops_ring, lemuel_coloured_pillars_altar,
          evilmike_ruin_ashenzari, grunt_decor_mini_mirrors, uniq_jeremiah
D:9:      layout_irregular_city, nicolae_gozag_seed_capital,
          worldfamousw_hep_ancestral_shrine, david_orc_5, serial_shops, shop,
          palyth_stone_intersect, hangedman_abyss_or_decor_stagger,
          minmay_ruffians, uniq_erolcha
D:10:     layout_loops_cross, lemuel_crystal_altar, david_lair_shrubbed,
          abandoned_shop, hangedman_decor_diamond_cutter
D:11:     kennysheep_six_static_rooms, layout_loops_ring, grunt_qazlal_clouds
D:12:     layout_loops_cross
D:13:     layout_basic, grunt_vaults_entry_tiered,
          minmay_misc_feat_four_crosses, lemuel_flamethrower_3
D:14:     nicolae_fronds_of_death, layout_basic, serial_park_tiny_pond,
          uniq_nessos
D:15:     hangedman_depths_entry_try_elsewhere_first, layout_basic,
          minmay_misc_feat_rows
Lair:1:   gammafunk_cloud_chamber, layout_layer_cave
Lair:2:   layout_hall_layers, nicolae_snake_entry_squirm, lemuel_fruit_fields,
          uniq_sonja
Lair:3:   nzn_winding_woodlands_small [nzn_winding_woodlands_5x15_pool,
          nzn_winding_woodlands_center_triple_pond,
          nzn_winding_woodlands_5x15_pathside_ponds], layout_long_grid,
          minmay_shoals_entry_lonely_mermaid, nicolae_volcano_entry_vermiform,
          patterned_corridor, infiniplex_staircase_pool_2
Lair:4:   layout_regular_city, ebering_ghost_inner_flame
Lair:5:   wormcave, layout_misc_corridors, guppyfry_lair_end_dragon,
          dpeg_slime_entry_enclosed, gauntlet_entry_generic, uniq_kirke

Notes
Turn   | Place    | Note
-------+----------+-------------------------------------------
     0 | D:1      | scionoferis the Hill Orc Monk began the quest for the Orb.
     0 | D:1      | Reached XP level 1. HP: 19/19 MP: 1/1
   160 | D:1      | Reached XP level 2. HP: 27/27 MP: 2/2
   185 | D:1      | Reached skill level 4 in Fighting
   248 | D:1      | Reached skill level 4 in Unarmed Combat
   307 | D:1      | Reached XP level 3. HP: 33/33 MP: 3/3
   802 | D:2      | Found Ettuhenu's Magic Scroll Boutique.
   826 | D:2      | Noticed Jessica
   830 | D:2      | Killed Jessica
   831 | D:2      | Reached XP level 4. HP: 26/41 MP: 4/4
  1106 | D:2      | Found Cykk's Antique Weapon Shop.
  1248 | D:2      | Reached skill level 5 in Unarmed Combat
  1333 | D:2      | Found Neoliwax's General Store.
  1386 | D:2      | Found Ununaur's Magic Scroll Shop.
  1663 | D:2      | Bought a scroll of teleportation for 30 gold pieces
  1718 | D:2      | Bought a scroll of blinking for 75 gold pieces
  1920 | D:3      | Found a large runed translucent door.
  1925 | D:3      | Found a large runed translucent door.
  2041 | D:3      | Reached XP level 5. HP: 47/47 MP: 5/5
  2058 | D:3      | Found a sacrificial altar of Ru.
  2060 | D:3      | Found a bloodstained altar of Trog.
  2060 | D:3      | Found a stormy altar of Qazlal.
  2061 | D:3      | Found a glowing golden altar of the Shining One.
  2114 | D:3      | Found a faded altar of an unknown god.
  2324 | D:3      | Noticed Shayle's ghost (amateur DsRe)
  2445 | D:3      | Reached skill level 5 in Fighting
  2678 | D:3      | Found an ornate altar of the Wu Jian Council.
  2916 | D:4      | Reached skill level 6 in Unarmed Combat
  2972 | D:4      | Noticed Robin
  3040 | D:3      | Killed Robin
  3041 | D:3      | Reached XP level 6. HP: 56/56 MP: 6/6
  3367 | D:4      | Noticed Duvessa
  3367 | D:4      | Noticed Dowan
  3647 | D:4      | Noticed Grinder
  3666 | D:4      | Killed Grinder
  3667 | D:4      | Reached skill level 6 in Fighting
  3667 | D:4      | Reached skill level 7 in Unarmed Combat
  3667 | D:4      | Reached XP level 7. HP: 33/63 MP: 7/7
  3884 | D:4      | Killed Dowan
  4066 | D:4      | HP: 2/64 [Duvessa/+0 short sword (13)]
  4321 | D:5      | Entered Level 5 of the Dungeon
  4495 | D:5      | Reached skill level 8 in Unarmed Combat
  4542 | D:5      | Reached skill level 7 in Fighting
  4542 | D:5      | Reached skill level 1 in Armour
  4542 | D:5      | Reached XP level 8. HP: 21/73 MP: 8/8
  4928 | D:5      | Became a worshipper of Beogh the Brigand
  4928 | D:5      | Reached * piety under Beogh
  4928 | D:5      | Reached ** piety under Beogh
  4968 | D:5      | Found a staircase to the Ecumenical Temple.
  5009 | D:5      | Reached skill level 1 in Invocations
  5504 | D:6      | Reached skill level 2 in Armour
  5582 | D:6      | Found a snail-covered altar of Cheibriados.
  5592 | D:6      | Found an iron altar of Okawaru.
  5595 | D:6      | Reached skill level 9 in Unarmed Combat
  5595 | D:6      | Reached skill level 2 in Invocations
  5936 | D:6      | Found a faded altar of an unknown god.
  5936 | D:6      | Noticed a troll
  5936 | D:6      | Found the Hermit's Pendant {Faith Invo=14 Evo=0 MP+5}
  5946 | D:6      | Killed a troll
  5947 | D:6      | Reached skill level 3 in Invocations
  6306 | D:6      | Reached skill level 3 in Armour
  6306 | D:6      | Reached skill level 4 in Invocations
  6353 | D:7      | Reached XP level 9. HP: 73/81 MP: 19/19
  6384 | D:7      | Found a burning altar of Makhleb.
  6463 | D:7      | Reached skill level 5 in Invocations
  6469 | D:7      | Reached skill level 8 in Fighting
  6522 | D:7      | Found a blossoming altar of Fedhas.
  6522 | D:7      | Found an ancient bone altar of Kikubaaqudgha.
  6530 | D:7      | Reached skill level 10 in Unarmed Combat
  6564 | D:7      | Reached skill level 6 in Invocations
  6705 | D:7      | Reached skill level 4 in Armour
  6835 | D:7      | Noticed Menkaure
  6843 | D:7      | Killed Menkaure
  7148 | D:4      | Killed Duvessa
  7255 | D:4      | Found a white marble altar of Elyvilon.
  7610 | D:3      | Killed Shayle's ghost
  7611 | D:3      | Reached skill level 7 in Invocations
  7691 | D:2      | Bought a potion of heal wounds for 70 gold pieces
  7709 | D:2      | Bought a scroll of vulnerability for 40 gold pieces
  7709 | D:2      | Bought a scroll of enchant armour for 75 gold pieces
  7709 | D:2      | Bought a scroll of fear for 40 gold pieces
  7709 | D:2      | Bought a scroll of identify for 20 gold pieces
  7709 | D:2      | Bought a scroll of fog for 40 gold pieces
  7766 | D:2      | Bought a scroll of identify for 20 gold pieces
  7766 | D:2      | Bought a scroll of identify for 20 gold pieces
  7766 | D:2      | Bought a scroll of blinking for 75 gold pieces
  7821 | D:2      | Bought a scroll of identify for 20 gold pieces
  7821 | D:2      | Bought a scroll of identify for 20 gold pieces
  8033 | D:8      | Noticed Jeremiah
  8155 | D:8      | Reached *** piety under Beogh
  8236 | D:8      | Found a broken altar of Ashenzari.
  8273 | D:8      | Reached XP level 10. HP: 90/90 MP: 20/20
  8336 | D:7      | Reached skill level 11 in Unarmed Combat
  8496 | D:8      | Killed Jeremiah
  8497 | D:8      | Reached skill level 9 in Fighting
  8497 | D:8      | Reached skill level 5 in Armour
  8497 | D:8      | Reached skill level 8 in Invocations
  9078 | D:8      | Found a hide-covered altar of Uskayaw.
  9213 | D:9      | Found Cixzunac's Book Shoppe.
  9306 | D:9      | Found an opulent altar of Gozag.
  9716 | D:9      | Reached skill level 1 in Shields
  9717 | D:9      | Found a roughly hewn altar of Beogh.
  9717 | D:9      | Found a staircase to the Orcish Mines.
  9744 | D:9      | Upgraded the game from 0.31-a0-841-g038b102fc3 to
                  | 0.31-a0-844-gdc52ec4e09
  9837 | D:9      | Found a hazy altar of Hepliaklqana.
 10050 | D:9      | Noticed Erolcha
 10052 | D:9      | Killed Erolcha
 10053 | D:9      | Reached skill level 3 in Dodging
 10053 | D:9      | Reached skill level 2 in Shields
 10299 | D:9      | Reached skill level 9 in Invocations
 10430 | D:9      | Noticed a two-headed ogre
 10438 | D:9      | Killed a two-headed ogre
 10439 | D:9      | Reached skill level 6 in Armour
 10439 | D:9      | Reached skill level 12 in Unarmed Combat
 10439 | D:9      | Reached XP level 11. HP: 37/99 MP: 21/21
 10719 | D:9      | Reached skill level 3 in Shields
 10989 | D:10     | Entered Level 10 of the Dungeon
 10990 | D:10     | Noticed a tengu warrior
 11001 | D:9      | Killed a tengu warrior
 11057 | D:10     | Found a staircase to the Lair.
 11405 | D:9      | Reached skill level 10 in Fighting
 11614 | D:10     | Found a shadowy altar of Dithmenos.
 11669 | D:10     | Noticed a two-headed ogre
 11672 | D:9      | Killed a two-headed ogre
 12641 | D:11     | Found a stormy altar of Qazlal.
 12710 | D:11     | Noticed a cyclops
 12717 | D:11     | Killed a cyclops
 12867 | D:11     | Reached skill level 4 in Dodging
 12953 | D:11     | Noticed a cyclops
 12960 | D:11     | Killed a cyclops
 12961 | D:11     | Reached skill level 4 in Shields
 13012 | D:11     | Noticed a manticore
 13020 | D:11     | Killed a manticore
 13200 | D:11     | Gained Argrim as an ally
 13474 | D:12     | Noticed a cyan ugly thing
 13474 | D:12     | Noticed a red ugly thing
 13662 | D:12     | Noticed a soul eater
 13666 | D:11     | Killed a red ugly thing
 13700 | D:11     | Reached **** piety under Beogh
 13702 | D:11     | Killed a cyan ugly thing
 13703 | D:11     | Reached skill level 1 in Evocations
 14019 | D:12     | Your ally Argrim died
 14023 | D:12     | Reached skill level 10 in Invocations
 14150 | D:12     | Reached skill level 7 in Armour
 14275 | D:12     | Reached skill level 13 in Unarmed Combat
 14413 | D:12     | Noticed a two-headed ogre
 14421 | D:12     | Killed a two-headed ogre
 14547 | D:12     | Gained Warrok as an ally
 14554 | D:12     | Reached skill level 2 in Evocations
 14590 | D:12     | Noticed a manticore
 14598 | D:12     | Killed a manticore
 14599 | D:12     | Reached XP level 12. HP: 89/108 MP: 22/22
 14686 | D:12     | Your ally Warrok died
 14769 | D:12     | Reached skill level 5 in Shields
 15170 | Lair:1   | Entered Level 1 of the Lair of Beasts
 15262 | Lair:1   | Noticed a catoblepas
 15272 | Lair:1   | Killed a catoblepas
 15387 | Lair:1   | Found a transporter.
 15468 | Lair:1   | Noticed a catoblepas
 15476 | Lair:1   | Killed a catoblepas
 15730 | Lair:1   | Reached skill level 11 in Fighting
 15982 | Lair:1   | Found a transporter.
 15989 | Lair:1   | Reached skill level 3 in Evocations
 16072 | Lair:1   | Reached skill level 5 in Dodging
 16699 | Lair:2   | Noticed a five-headed hydra
 16720 | Lair:1   | Killed a five-headed hydra
 16977 | Lair:1   | Gained Orbeogh as an ally
 16978 | Lair:1   | Reached skill level 8 in Armour
 17086 | Lair:2   | You fall into a shaft and drop 1 floor!
 17105 | Lair:3   | Reached skill level 14 in Unarmed Combat
 17105 | Lair:3   | Reached skill level 11 in Invocations
 17148 | Lair:3   | Reached skill level 4 in Evocations
 17186 | Lair:3   | Identified the +9 mace "Itutur" {freeze, rCorr Str-4 SInv
                  | Stlth+}
 17271 | Lair:3   | Found a dark tunnel.
 17357 | Volcano  | Entered a volcano
 17373 | Volcano  | Noticed an ogre mage
 17375 | Volcano  | Killed an ogre mage
 17417 | Volcano  | Found a burning altar of Makhleb.
 17418 | Volcano  | Noticed a hell knight
 17423 | Volcano  | Noticed a two-headed ogre
 17426 | Volcano  | Noticed a two-headed ogre
 17428 | Volcano  | Noticed a two-headed ogre
 17438 | Volcano  | Killed a two-headed ogre
 17438 | Volcano  | Killed a two-headed ogre
 17439 | Volcano  | Reached XP level 13. HP: 81/117 MP: 23/23
 17609 | Volcano  | Reached skill level 12 in Fighting
 17609 | Volcano  | Reached skill level 5 in Evocations
 17863 | Lair:3   | Reached skill level 15 in Unarmed Combat
 17874 | Lair:3   | Reached skill level 6 in Shields
 17882 | Lair:3   | Reached skill level 12 in Invocations
 18036 | Lair:3   | Found a staircase to the Shoals.
 18432 | Lair:2   | Noticed Sonja
 18435 | Lair:3   | Killed Sonja
 18732 | Lair:2   | Got a curious book
 18943 | Lair:2   | Found a staircase to the Snake Pit.
 18958 | Lair:2   | Your ally Orbeogh died
 20004 | Lair:4   | Found a runed translucent door.
 20375 | Lair:4   | Noticed Bekuax's ghost (journeyman MfIE)
 20649 | Lair:5   | Entered Level 5 of the Lair of Beasts
 20660 | Lair:5   | Found a gate leading to a gauntlet.
 20667 | Lair:5   | Noticed Kirke
 20671 | Lair:5   | Killed Kirke
 20672 | Lair:5   | Reached skill level 6 in Evocations
 20692 | Gauntlet | Entered a Gauntlet
 20692 | Gauntlet | Found a transporter.
 20734 | Gauntlet | Found a transporter.
 20749 | Gauntlet | Found a transporter.
 20754 | Gauntlet | Found a transporter.
 20775 | Gauntlet | Found a transporter.
 20788 | Gauntlet | Found a transporter.
 20800 | Gauntlet | Found a transporter.
 20810 | Gauntlet | Noticed a quicksilver ooze
 20812 | Gauntlet | Found a transporter.
 20820 | Gauntlet | Found a large runed translucent door.
 20821 | Gauntlet | Found a large runed translucent door.
 20822 | Gauntlet | Found a large runed translucent door.
 20822 | Gauntlet | Found a large runed translucent door.
 20823 | Gauntlet | Found a runed translucent gate.
 20824 | Gauntlet | Found a transporter.
 20824 | Gauntlet | Found a runed translucent gate.
 20825 | Gauntlet | Found a runed translucent gate.
 20826 | Gauntlet | Found a large runed translucent door.
 20826 | Gauntlet | Found a large runed translucent door.
 20827 | Gauntlet | Found a large runed translucent door.
 20828 | Gauntlet | Found a large runed translucent door.
 20836 | Gauntlet | Found a transporter.
 20849 | Gauntlet | Found a large runed translucent door.
 20849 | Gauntlet | Found a large runed translucent door.
 20849 | Gauntlet | Found a runed translucent door.
 20849 | Gauntlet | Found a runed translucent door.
 20850 | Gauntlet | Found a large runed translucent door.
 20851 | Gauntlet | Found a large runed translucent door.
 20853 | Gauntlet | Found a transporter.
 20853 | Gauntlet | Found a transporter.
 20869 | Gauntlet | Found a large runed translucent door.
 20869 | Gauntlet | Found a large runed translucent door.
 20870 | Gauntlet | Found a large runed translucent door.
 20871 | Gauntlet | Found a large runed translucent door.
 20873 | Gauntlet | Found a transporter.
 20893 | Gauntlet | Found a transporter.
 20915 | Gauntlet | Found a transporter.
 20992 | Gauntlet | Found a transporter.
 20992 | Gauntlet | Found the +2 hood of the Assassin {Detect Stab+ Stlth++}
 21019 | Gauntlet | Found a transporter.
 21019 | Gauntlet | Found a transporter.
 21352 | Gauntlet | Killed a quicksilver ooze
 21353 | Gauntlet | Reached skill level 7 in Shields
 21360 | Gauntlet | Identified the amulet "Azanwil" {Reflect rElec Will+ Int+3
                  | SH+5}
 21389 | Gauntlet | Noticed a minotaur
 21393 | Gauntlet | Killed a minotaur
 21398 | Gauntlet | Got a quivering book
 21829 | Lair:4   | Reached XP level 14. HP: 127/127 MP: 23/23
 22075 | Lair:5   | Reached skill level 16 in Unarmed Combat
 22119 | Lair:5   | Reached skill level 13 in Invocations
 22271 | Lair:5   | Identified the ring of the Empty Page {rC- rN+ EV+5 Int+3
                  | Dex+2}
 22303 | Lair:5   | Found a viscous altar of Jiyva.
 22303 | Lair:5   | Found a staircase to the Slime Pits.
 22537 | Lair:5   | Found a runed translucent door.
 22543 | Lair:5   | Reached skill level 13 in Fighting
 23430 | Lair:5   | Identified 3 potions of resistance
 24618 | D:13     | Reached skill level 8 in Shields
 24701 | D:13     | Identified the +2 pair of gloves "Lekum" {+Blink rF++
                  | Str-5}
 24883 | D:13     | Reached skill level 14 in Invocations
 24964 | D:13     | Identified the +0 ring mail "Ytzo" {Will+ rCorr}
 24969 | D:13     | Found a gate to the Vaults.
 25283 | D:13     | Reached skill level 9 in Armour
 25628 | D:14     | Noticed Nessos
 25631 | D:14     | Killed Nessos
 26431 | D:14     | Reached skill level 17 in Unarmed Combat
 26473 | D:14     | Reached XP level 15. HP: 94/137 MP: 25/25
 26715 | D:14     | a stone giant changed into an azure jelly
 26715 | D:14     | Noticed an azure jelly (glowing shapeshifter)
 26721 | D:13     | an azure jelly changed into a quicksilver dragon
 26721 | D:13     | Noticed a quicksilver dragon (glowing shapeshifter)
 26725 | D:13     | Killed a quicksilver dragon
 26849 | D:14     | Reached skill level 15 in Invocations
 27002 | D:14     | Noticed a frost giant
 27408 | D:14     | Killed a frost giant
 27409 | D:14     | Reached skill level 14 in Fighting
 27410 | D:14     | Reached skill level 9 in Shields
 28102 | D:15     | Entered Level 15 of the Dungeon
 28177 | D:14     | Noticed a frost giant
 28200 | D:14     | Killed a frost giant
 28479 | D:14     | Reached skill level 10 in Armour
 28483 | D:14     | Noticed a frost giant
 28512 | D:14     | HP: 12/138 [frost giant/bolt of cold (17)]
 28513 | D:14     | Killed from afar by a frost giant

Vanquished Creatures
  A quicksilver dragon (shapeshifter) (D:13)
  Kirke (Lair:5)
  2 frost giants (D:14)
  A quicksilver ooze (Gauntlet)
  A war gargoyle (D:14)
  A minotaur (Gauntlet)
  Nessos (D:14)
  2 fire dragons (Lair:5)
  A yaktaur captain (D:14)
  An entropy weaver (shapeshifter) (D:13)
  2 vault guards (D:13)
  3 hydras (Lair:1 D:13 D:14)
  Erolcha (D:9)
  3 catoblepae (Lair:1 Gauntlet)
  An ogre mage (Volcano)
  8 two-headed ogres (D:9 D:12 Volcano D:14)
  3 boulder beetles (D:14)
  6 centaur warriors (D:13 D:14)
  2 deep troll earth magi (D:14)
  A tengu warrior (D:9)
  A death knight (D:12)
  A hell knight (Volcano)
  A deep elf knight (D:14)
  A skyshark (Lair:4)
  6 skeletal warriors (D:13 D:14)
  2 phantasmal warriors (D:14)
  A swamp dragon (Lair:5)
  2 necromancers (D:13)
  2 deep elf pyromancers (D:14 D:13)
  5 cyclopes (D:11 D:13 D:14)
  2 manticores (D:14)
  An ugly thing (D:11)
  A merfolk siren (Lair:3)
  A black mamba (Lair:1)
  A gargoyle (Gauntlet)
  A smoke demon (Gauntlet)
  Jeremiah (D:8)
  An unseen horror (D:13)
  3 torpor snails (Lair:3 Lair:5)
  8 cane toads (Lair:1 Lair:3 Lair:4)
  A minotaur zombie (Gauntlet)
  6 komodo dragons (D:9 Lair:1 Lair:3 Lair:4)
  2 efreet (D:13 D:14)
  A rime drake (Lair:5)
  A freezing wraith (D:14)
  2 kobold demonologists (D:11)
  4 trolls (D:6 D:9 D:13)
  3 hornets (Lair:5)
  2 blink frogs (Lair:3 Lair:5)
  A dream sheep (Lair:3)
  Grinder (D:4)
  11 slime creatures (D:12 D:13 D:14)
  5 wyverns (D:7 D:10 Lair:3 Lair:4)
  A shadow (D:11)
  A water elemental (D:15)
  2 wraiths (D:9 D:14)
  9 yaks (Lair:3 Lair:2 Lair:4 Lair:5)
  A basilisk (Lair:1)
  A steam dragon (Lair:5)
  5 vampire mosquitoes (D:9 D:10 D:12 D:13)
  22 humans (D:9 D:13)
  Menkaure (D:7)
  A naga (Lair:2)
  3 acid dragons (Lair:5 D:14)
  Duvessa (D:4)
  6 water moccasins (D:9 D:10 Lair:3 Lair:2 Lair:5)
  A meliai simulacrum (D:14)
  2 ice beasts (D:6 D:7)
  2 sky beasts (D:7)
  A swamp drake (Lair:5)
  5 orc warriors (D:7 D:8 D:9)
  2 boggarts (D:15)
  4 wolves (Lair:1 Lair:2)
  The ghost of Shayle the Trooper, an amateur DsRe (D:3)
  4 ogres (D:5 D:7)
  7 centaurs (D:7 D:10 D:11 D:12 D:13)
  2 phantoms (D:5 D:6)
  A kobold brigand (D:11)
  A scorpion (D:6)
  5 bullfrogs (D:7 D:8 Lair:1 Lair:4)
  7 wights (D:8 D:7 D:9)
  Dowan (D:4)
  A killer bee (D:11)
  An electric eel (D:6)
  4 howler monkeys (D:8 D:7 D:9)
  3 crimson imps (Gauntlet)
  6 orc priests (D:7 D:8 D:9)
  3 hounds (D:3 D:4 D:5)
  Jessica (D:2)
  7 iguanas (D:3 D:4 D:5 D:7 Lair:5)
  3 sleepcaps (D:4 D:5 D:6)
  5 orc wizards (D:5 D:7 D:12)
  Robin (D:3)
  3 gnolls (D:4)
  6 adders (D:2 D:5 D:6)
  A shadow imp (D:7)
  2 white imps (D:6)
  4 worms (D:2 D:3)
  2 dart slugs (D:1 D:2)
  21 orcs (D:3 D:5 D:7 D:8 D:9)
  7 endoplasms (D:1 D:3 D:4)
  3 giant cockroaches (D:1 D:3)
  16 goblins (D:1 D:2 D:3 D:4)
  7 hobgoblins (D:1 D:2 D:3 D:4)
  2 jackals (D:3)
  14 kobolds (D:1 D:2 D:3 D:4 D:11)
  4 quokkas (D:1 D:2 D:4)
  5 ball pythons (D:1 D:3)
  4 bats (D:1)
  6 frilled lizards (D:1 D:2 D:3)
  7 rats (D:1 D:2 D:3)
373 creatures vanquished.

Vanquished Creatures (collateral kills)
  A hydra (Lair:3)
  2 two-headed ogres (D:9 Volcano)
  Sonja (Lair:3)
  A deep elf pyromancer (D:12)
  3 lindwurms (Lair:3 Lair:4 Lair:5)
  An oklob plant (Lair:5)
  2 ugly things (D:11 D:12)
  2 manticores (D:11 D:12)
  7 elephants (Lair:3 Lair:5)
  A black mamba (Lair:3)
  A gargoyle (D:9)
  3 torpor snails (Lair:5)
  6 cane toads (Lair:1 Lair:3 Lair:2 Lair:5)
  2 rime drakes (Lair:3 Lair:4)
  6 komodo dragons (Lair:1 Lair:3 Lair:5)
  A kobold demonologist (D:11)
  2 trolls (D:9 D:12)
  9 blink frogs (Lair:3 Lair:5)
  3 hornets (Lair:5)
  4 tyrant leeches (Lair:5)
  A polar bear (Lair:3)
  2 slime creatures (D:12)
  A vampire (D:12)
  2 wraiths (D:11)
  A basilisk (D:13)
  3 wyverns (Lair:1 Lair:3)
  23 yaks (Lair:3 Lair:2 Lair:4 Lair:5)
  2 hogs (Lair:5)
  3 humans (D:9)
  4 vampire mosquitoes (D:9 D:10 D:12)
  2 nagas (Lair:2)
  6 water moccasins (Lair:3 Lair:2 Lair:5)
  2 black bears (Lair:1)
  4 orc warriors (D:9)
  A swamp drake (Lair:5)
  4 wolves (Lair:1 Lair:2)
  4 centaurs (D:9 D:11 D:12)
  2 kobold brigands (D:11)
  4 bullfrogs (D:9 Lair:1 Lair:3 Lair:2)
  An orc wizard (D:10)
  4 orcs (D:9)
  3 kobolds (D:11)
137 creatures vanquished.

Vanquished Creatures (others)
  An orc knight (D:12)
  An orc priest (Lair:2)
  A rime drake (Lair:5)
  2 orc warriors (D:12)
  4 humans (Lair:5)
  An iguana (D:5)
  4 orc wizards (D:5 D:12 Lair:3)
  5 orcs (D:5 D:9)
19 creatures vanquished.

Grand Total: 529 creatures vanquished

Table legend: (Time is in decaauts)
 A = Elapsed time spent in this place.
 B = Non-inter-level travel time spent in this place.
 C = Inter-level travel time spent in this place.
 D = Time resting spent in this place.
 E = Time spent auto-exploring this place.
 F = Levels seen in this place.
 G = Mean time per level.
                   A        B        C        D        E       F      G
               +--------+--------+--------+--------+--------+-----+--------+
         Total |  28308 |  25889 |   2419 |   6025 |  11484 |  22 | 1286.7 |
       Dungeon |  19649 |  17734 |   1915 |   4357 |   7938 |  15 | 1309.9 |
          Lair |   7380 |   6876 |    504 |   1319 |   3098 |   5 | 1476.0 |
       Volcano |    440 |    440 |      0 |    103 |    108 |   1 |  440.0 |
      Gauntlet |    837 |    837 |      0 |    246 |    340 |   1 |  837.0 |
               +--------+--------+--------+--------+--------+-----+--------+

Top non-repeatable levels by time:
    D:13: 2047 daAuts
    D:14: 1993 daAuts
  Lair:5: 1979 daAuts
     D:9: 1937 daAuts
  Lair:1: 1825 daAuts
     D:4: 1737 daAuts
  Lair:3: 1586 daAuts
    D:11: 1504 daAuts
    D:12: 1434 daAuts
    D:10: 1391 daAuts
     D:3: 1386 daAuts
     D:2: 1223 daAuts
     D:8: 1171 daAuts
  Lair:4: 1103 daAuts
     D:5: 1097 daAuts

Table legend:
 A = Non-vault XP
 B = Vault XP
 C = Vault XP percentage of total XP
 D = Non-vault monster count
 E = Vault monster count
 F = Vault count percentage of total count
                 A         B        C        D         E       F
            +---------+---------+-------+---------+---------+-------
      Total |   52283 |   57425 |  52.3 |     345 |     166 |  32.5
            +---------+---------+-------+---------+---------+-------
        D:1 |      46 |       5 |   9.8 |      29 |       3 |   9.4
        D:2 |      36 |      54 |  60.0 |      10 |       5 |  33.3
        D:3 |     115 |     134 |  53.8 |      19 |       4 |  17.4
        D:4 |     217 |     483 |  69.0 |      15 |      11 |  42.3
        D:5 |     678 |       0 |   0.0 |      16 |       0 |   0.0
        D:6 |     455 |     322 |  41.4 |       8 |       1 |  11.1
        D:7 |    1887 |     172 |   8.4 |      32 |       1 |   3.0
        D:8 |     455 |     424 |  48.2 |      10 |       1 |   9.1
        D:9 |    3968 |    2392 |  37.6 |      18 |      20 |  52.6
       D:10 |     686 |       0 |   0.0 |       6 |       0 |   0.0
       D:11 |    2228 |    1383 |  38.3 |      17 |       6 |  26.1
       D:12 |    4963 |       0 |   0.0 |      23 |       0 |   0.0
       D:13 |    4450 |   12556 |  73.8 |      15 |      31 |  67.4
       D:14 |    9596 |   14716 |  60.5 |      15 |      20 |  57.1
       D:15 |     438 |       0 |   0.0 |       3 |       0 |   0.0
     Lair:1 |    5714 |       0 |   0.0 |      24 |       0 |   0.0
     Lair:2 |    1399 |     375 |  21.1 |      12 |       3 |  20.0
     Lair:3 |    6878 |    3577 |  34.2 |      36 |      14 |  28.0
     Lair:4 |    3342 |       0 |   0.0 |      14 |       0 |   0.0
     Lair:5 |    4732 |    9930 |  67.7 |      23 |      29 |  55.8
    Volcano |       0 |    6538 | 100.0 |       0 |       8 | 100.0
   Gauntlet |       0 |    4364 | 100.0 |       0 |       9 | 100.0
            +---------+---------+-------+---------+---------+-------
